[Event "Rudolf Teschner GT 2022"]
[Site "Berlin"]
[Date "2022.05.26"]
[Round "2.5"]
[White "Zackrisson, Peter"]
[Black "Langrock, Hannes"]
[Result "0-1"]
[ECO "B40"]
[WhiteElo "2015"]
[BlackElo "2351"]
[Annotator "TA"]
[PlyCount "104"]
[EventDate "2022.05.25"]
[EventType "swiss"]
[EventCountry "GER"]
[SourceTitle "playchess.com"]
[Source "ChessBase"]
[SourceQuality "1"]
[TimeControl "5400+30"]

1. e4 c5 2. Nf3 e6 3. g3 Nc6 4. Bg2 Nf6 5. Qe2 e5 6. c3 {[%emt 0:00:54] B40: Sicilian: 2...e6, Unusual lines.} Be7 7. O-O O-O 8. Na3 {[%emt 0:01:04] The position is equal. 8.Na3 scores better than 8.Rd1.} Re8 9. Nc4 Bf8 10. d3 h6 11. Ne3 d5 12. exd5 Nxd5 13. Nxd5 Qxd5 14. Nd2 Qe6 15. Nc4 Qg6 16. Be4 Bf5 {[%emt 0:03:23][%cal Bc8f5,Bf5g6,Bg6d3][%mdl 32] [#]} 17. a4 $146 ({Predecessor:} 17. Qf3 Bg4 18. Bxg6 Bxf3 19. Be4 Bg4 20. Re1 f6 21. b3 Rac8 22. Bb2 Red8 23. Ne3 {0-1 (57) Prueske,W (2046)-Coathup,R (2125) Douglas 2017}) 17... Rad8 18. Re1 Qe6 19. Ne3 Bg6 20. Qf3 {[%emt 0:08:15] Prevents f5.} (20. Qg4 $11 {remains equal.}) 20... Rxd3 ({Black should play} 20... Na5 $17 21. Bf5 Qa6 22. Bxg6 Qxg6) 21. Bxd3 $15 Bxd3 22. Qg4 ({Better is} 22. Qd5 $15 Qxd5 23. Nxd5) 22... f5 $1 $17 {[%emt 0:19:20][%mdl 1024] Black has strong compensation.} 23. Qh5 g6 $1 24. Qd1 e4 25. f4 Rd8 (25... Na5 $1 $19 26. Nf1 Nb3) 26. a5 Be7 {[%emt 0:02:15] Black is much more active.} 27. Qa4 (27. Ng2 $142) 27... Rd7 28. Ng2 {[%emt 0:00:38] [#]} Bd8 $1 29. Be3 Qd5 ({Stronger than} 29... Bxa5 30. Bxc5 Bc7 31. Red1 $11) (29... Nxa5 $19 30. Kh1 b6) 30. Qa3 Nxa5 31. Rad1 (31. Qxc5 $17 Qxc5 32. Bxc5) 31... b6 $19 32. Bf2 Be7 33. Ne3 Qe6 34. Qa4 Rd8 35. Kh1 Kf7 36. h3 {[%emt 0:01:39] [#]} Bd6 (36... h5 $1 $19 37. Kh2 a6) 37. Kh2 ({White should try} 37. b4 Qb3 38. Qa1) 37... Bc7 (37... Qb3 $142 38. Qxb3+ Nxb3) 38. Ng2 (38. b4 $142 Qb3 39. Qa1 cxb4 40. cxb4 Qxb4 41. Rc1) 38... Qb3 39. Qxb3+ Nxb3 40. g4 Na5 41. Be3 (41. gxf5 $17 {was worth a try.} gxf5 42. Bg3) 41... Nc4 42. Bc1 a5 43. gxf5 gxf5 44. Nh4 e3 45. Ng2 (45. Rxe3 $142 Bxf4+ 46. Rg3 Bxg3+ 47. Kxg3) 45... e2 46. Rxd3 Rxd3 47. Rxe2 a4 48. Re1 Nd2 {[%emt 0:01:21] Black is clearly winning.} 49. Re2 (49. Bxd2 $142 Rxd2 50. Kg3) 49... Nf3+ 50. Kg3 Nd4+ 51. Re3 Ne2+ 52. Kf2 Nxc1 {[%emt 0:00:07] Weighted Error Value: White=0.33/Black=0.12 (very precise)} 0-1

[Event "Rudolf Teschner GT 2022"]
[Site "Berlin"]
[Date "2022.05.26"]
[Round "2.6"]
[White "Klenburg, Michael"]
[Black "Zieger, Bernd"]
[Result "1-0"]
[ECO "C02"]
[WhiteElo "2346"]
[BlackElo "1975"]
[Annotator "TA"]
[PlyCount "91"]
[EventDate "2022.05.25"]
[EventType "swiss"]
[EventCountry "GER"]
[SourceTitle "playchess.com"]
[Source "ChessBase"]
[SourceQuality "1"]
[TimeControl "5400+30"]

1. e4 e6 2. d4 d5 3. e5 c5 4. c3 Nc6 5. Nf3 Qb6 6. Be2 cxd4 7. cxd4 Nge7 8. Na3 Nf5 9. Nc2 Bb4+ 10. Kf1 Bd7 {[%emt 0:01:47] C02: French: Advance Variation.} (10... h5 $11) 11. g4 $16 Nh6 12. h3 Bf8 {[%emt 0:03:45] White is slightly better.} 13. Rb1 {[%emt 0:02:09][%cal Ob2b4] [#]} Nb4 $146 (13... f6 $11 {remains equal.}) ({Predecessor:} 13... g6 14. Bg5 Bg7 15. Qd2 Ng8 16. b4 f6 17. Be3 Nb8 18. Kg2 Ne7 19. b5 O-O {1-0 (30) Quere,A (1990)-Boissonnier,K (1630) France 2001}) 14. Nxb4 Qxb4 15. a3 Qb6 16. Be3 Bb5 17. Kg2 f5 $2 {[%emt 0:07:40] Black cannot hold the game after this.} (17... Ng8 $11 {and Black stays safe.}) 18. Bxb5+ $18 Qxb5 19. Bxh6 gxh6 20. gxf5 exf5 21. Qc2 {[%emt 0:02:11] Strongly threatening Rhc1.} Rg8+ 22. Kh2 Qd7 23. Rhg1 Rxg1 24. Rxg1 ({Don't do} 24. Kxg1 $6 Be7 25. Qd2 Qe6 $16) 24... Rc8 25. Qd3 {[%emt 0:00:16][%cal Oe5e6] aiming for e6!} Be7 (25... Qe7 $142 26. Ne1 (26. Qxf5 Rc6 $16) 26... Qf7) 26. Rg7 {[%emt 0:03:26] [#] Nh4 is the strong threat.} Qe6 27. Rxh7 Kf8 $2 (27... Kd8 28. Qd2 Qg8) 28. Rh8+ Kf7 $2 (28... Kg7) 29. Rxc8 Qxc8 {[%emt 0:00:05][%mdl 4096] Endgame KQB-KQN} 30. Qd2 Kg6 31. Ne1 b5 32. Ng2 Bg5 33. f4 Be7 34. Ne3 Kf7 35. Nxd5 a5 36. Ne3 b4 37. axb4 axb4 38. d5 Bc5 39. Qc2 Kg6 40. d6 b3 41. Qxb3 (41. Qc4 $142 h5 42. e6 Qe8 43. Qxc5 Qxe6 {[#]} 44. Qxf5+ $1 Qxf5 45. Nxf5 Kxf5 46. d7) 41... Bxe3 42. Qxe3 {[%emt 0:00:06] White mates.} Qc2+ 43. Kg3 Qxb2 44. d7 Qb8 45. e6 Kf6 46. Qe5+ {[%emt 0:00:18] Weighted Error Value: White=0.27 (precise) /Black=0.95} 1-0

[Event "Rudolf Teschner GT 2022"]
[Site "Berlin"]
[Date "2022.05.27"]
[Round "3.1"]
[White "Van den Doel, Erik"]
[Black "Weihrauch, Jakob"]
[Result "1-0"]
[ECO "D05"]
[WhiteElo "2581"]
[BlackElo "2139"]
[Annotator "TA"]
[PlyCount "161"]
[EventDate "2022.05.25"]
[EventType "swiss"]
[EventCountry "GER"]
[SourceTitle "playchess.com"]
[Source "ChessBase"]
[SourceQuality "1"]
[TimeControl "5400+30"]

1. d4 Nf6 2. Nf3 e6 3. e3 d5 4. Bd3 c5 5. b3 Nbd7 6. O-O Be7 {[%emt 0:01:16] D05: Colle System with ...e6.} 7. Bb2 b6 8. c4 Bb7 {[%emt 0:07:36] The position is equal.} 9. Qe2 $5 {[%emt 0:02:39][%mdl 4] A promising side line.} O-O 10. Rd1 cxd4 11. exd4 {[%emt 0:02:14] [#]} Ne4 $146 ({Predecessor:} 11... Rc8 12. Nc3 Qc7 13. Ne5 Rfd8 14. Rac1 Qb8 15. f4 Nf8 16. f5 dxc4 17. Bxc4 Bd5 18. Nxd5 exd5 {1-0 (59) Cruz Estrada,F (2345)-Zambrana,O (2389) Lima 2002}) 12. cxd5 exd5 13. Nc3 Ndf6 14. Rac1 Nxc3 15. Rxc3 Ne4 16. Rc2 Bd6 17. Ne5 Qe7 18. f3 Ng5 19. Qf2 f6 20. Ng4 (20. Nc6 Qd7 21. Rdc1 Bf4 $19) 20... Qf7 21. Qh4 h5 22. Ne3 {[%emt 0:28:04] [#] Black must now prevent Nf5.} g6 {[%emt 0:00:10] Inhibits Nf5.} 23. Re1 Rfe8 24. Rce2 Ne6 25. Nc2 Nf4 26. Rxe8+ Rxe8 27. Rxe8+ Qxe8 28. Bf1 Kg7 29. Qf2 Qc8 30. Na3 Bxa3 31. Bxa3 Ba6 32. Qe3 {[%emt 0:03:13] Strongly threatening Qe7+.} Bxf1 33. Qxf4 $11 {[%emt 0:00:03][%mdl 4096] Endgame Threatens to win with Qd6. KQB-KQB} Bb5 (33... g5 $5 34. Qd6 Bd3 $14) 34. h4 Qe6 35. Kh2 Be8 36. Qb8 Qd7 (36... Qe1 {feels hotter.} 37. Qc7+ Kg8 38. Qf4 Kg7) 37. Bd6 Kf7 (37... b5 $14 {is more appropriate.}) 38. Bc7 $16 f5 (38... g5 $142) 39. Bf4 Qe7 40. Bg5 Qd7 41. Qe5 Kg8 {[%emt 0:00:01] Against Qh8+} 42. Kg3 a6 (42... Qf7 $16 43. a4 Qd7) 43. Qb8 (43. a4 $18) 43... b5 44. Qe5 a5 45. Be7 Bf7 46. Qb8+ Be8 47. Bf6 a4 48. Be5 (48. Qe5 $142) 48... axb3 49. axb3 Kf7 50. Qb6 {[%emt 0:01:24] Intending Qf6+ and mate.} Qe7 {[%emt 0:00:40][%cal Of5f4] Against Qf6+} 51. Qb8 (51. Qa5 $16) 51... g5 (51... Qd7 $11) 52. Qc8 (52. hxg5 $16 {Hoping for Kh4.} Qxg5+ 53. Kh3) 52... gxh4+ $14 53. Kh3 Qd7 (53... Bd7 $1 $11 {remains equal.} 54. Qc1 (54. Qh8 f4+ 55. Kh2 Qg5 $11) 54... f4+ 55. Kh2 h3) 54. Qc1 $16 Qe6 55. Qg5 Qg6 {[%emt 0:00:21] Prevents Qg7+.} 56. Qxh4 Kf8 57. Qd8 Qe6 58. b4 Kf7 59. Kg3 {[%emt 0:00:06] 0x0.000842e80caedp-1022s more active pieces.} Kf8 60. Kf2 Kf7 61. Qc7+ Qd7 62. Qc1 Qe6 63. Qg5 Qg6 {[%emt 0:00:13] Prevents Qg7+.} 64. Qh4 Kf8 65. Qf4 Kf7 66. Bd6 Qe6 67. Bc5 Kg6 68. Qg3+ ({But not} 68. Bf8 Qf6 69. Bd6 (69. Qh6+ Kf7 $14) 69... Bd7) 68... Kh7 69. Qg5 Qg6 70. Qd8 Qe6 71. Qg5 Qg6 $1 72. Qe7+ Bf7 73. Qd7 f4 74. Bd6 (74. Qxb5 $16 Qc2+ 75. Qe2 Qxe2+ 76. Kxe2) 74... Qc2+ {[%emt 0:01:54] A mistake that costs the game.} ({Better is} 74... Qe6 $1 $14 75. Qxe6 Bxe6) 75. Kg1 $18 Kg6 76. Be5 {[%emt 0:01:36] White wants to mate with Qd6+.} ({Don't play} 76. Bxf4 $6 Qd1+ 77. Kh2 Qxd4 $16) 76... Qd1+ $2 {[%emt 0:00:39] [#]} (76... Qe2 $18) 77. Kh2 {[%emt 0:00:03] White mates.} Qe1 78. Qc6+ Kh7 79. Qc2+ Kg8 80. Qc8+ Kh7 81. Qh8+ {[%emt 0:00:05] Weighted Error Value: White=0.11 (very precise) /Black=0.16 (very precise)} 1-0

[Event "Rudolf Teschner GT 2022"]
[Site "Berlin"]
[Date "2022.05.27"]
[Round "3.2"]
[White "Florstedt, Johannes"]
[Black "Eilenberg, Jonas"]
[Result "1-0"]
[ECO "C11"]
[WhiteElo "2365"]
[BlackElo "2149"]
[Annotator "TA"]
[PlyCount "69"]
[EventDate "2022.05.25"]
[EventType "swiss"]
[EventCountry "GER"]
[SourceTitle "playchess.com"]
[Source "ChessBase"]
[SourceQuality "1"]
[TimeControl "5400+30"]

1. e4 e6 2. d4 d5 3. Nc3 Nf6 4. e5 Nfd7 5. f4 c5 6. Nf3 Nc6 7. Be3 Be7 8. Qd2 O-O 9. dxc5 Nxc5 {[%emt 0:00:15] C11: French: Classical System: 4 e5 and 4 Bg5 dxe4.} 10. O-O-O a6 11. Kb1 b5 {[%emt 0:00:06] The position is equal.} 12. Bd3 (12. Bxc5 $14 Bxc5 13. Bd3) 12... Nxd3 $15 13. Qxd3 Bb7 (13... b4 $1 $15 14. Na4 Qa5) 14. h4 $11 Nb4 15. Qd2 Rc8 {[%emt 0:05:27][%cal Ob4c2] [#]} 16. Nd4 $146 (16. f5 {is interesting.} exf5 17. a3 d4 18. Qxd4 Nxc2 19. Qxd8 Nxa3+ 20. bxa3 Rfxd8 21. Rxd8+ Rxd8 22. Bg5) ({Predecessor:} 16. f5 exf5 17. a3 d4 18. Nxd4 Nd5 19. Nxd5 Bxd5 20. Nxb5 Be4 21. Nc3 Qc7 22. Nxe4 fxe4 {1-0 (55) Leko,P (2674)-Cori,J (2686) Biel 2019}) 16... Nc6 17. Nxc6 Bxc6 18. Ne2 f6 19. Bd4 Qc7 (19... fxe5 $11 20. Bxe5 Bf6) 20. h5 $16 b4 {[%emt 0:02:36] [#]} (20... f5 $142) 21. h6 $1 g6 22. exf6 Bxf6 23. g3 Bb5 (23... a5 $142) 24. Bxf6 Bxe2 25. Be5 $36 {[%emt 0:01:58][%mdl 2048] Black is under strong pressure.} ({But not} 25. Qxe2 Rxf6 26. Rhe1 Qd6) 25... Qc4 26. b3 {[%emt 0:02:03] The board is on fire.} Qb5 {[%emt 0:00:49] [#]} 27. Rc1 {[%emt 0:16:25] Hoping for Bb2.} Bf3 (27... Bg4 $16) 28. Rhe1 $18 Be4 29. Bd6 Rf7 30. Bxb4 ({Stronger than} 30. Qxb4 Qxb4 31. Bxb4 Rf5 $11) 30... Rfc7 (30... Rb7 {was necessary.}) 31. Qd4 {[%emt 0:00:58][%cal Ob4c3] And now Bc3! would win.} e5 (31... Re8 $142 32. Qe5 Rd7) 32. fxe5 {[%emt 0:00:05] aiming for e6. White is clearly winning.} a5 (32... Rc4 $142 33. bxc4 Rxc4) 33. Rxe4 {[%emt 0:04:14][%cal Ob4d6] Strongly threatening Bd6!} dxe4 (33... axb4 $142 34. Qxb4 Qxb4 35. Rxb4 Kf7) 34. Bd6 Rc4 35. Qa7 {[%emt 0:00:16] Weighted Error Value: White=0.28 (precise) /Black=0.35} 1-0

[Event "Rudolf Teschner GT 2022"]
[Site "Berlin"]
[Date "2022.05.27"]
[Round "3.3"]
[White "Tscheuschner, Georg"]
[Black "Tschernatsch, Johannes"]
[Result "1-0"]
[ECO "D45"]
[WhiteElo "2150"]
[BlackElo "2358"]
[Annotator "TA"]
[PlyCount "57"]
[EventDate "2022.05.25"]
[EventType "swiss"]
[EventCountry "GER"]
[SourceTitle "playchess.com"]
[Source "ChessBase"]
[SourceQuality "1"]
[TimeControl "5400+30"]

1. Nf3 Nf6 2. c4 c6 3. Nc3 d5 4. e3 e6 5. b3 Bd6 6. Bb2 Nbd7 7. d4 O-O 8. Be2 dxc4 9. bxc4 e5 10. O-O exd4 11. exd4 Re8 12. Qc2 Nf8 13. h3 {[%emt 0:00:39] D45: Semi-Slav: 5 e3.} Ng6 {[%emt 0:01:48][%cal Oc8h3] White must now prevent ...Bxh3!} 14. Rfe1 Qa5 (14... Be6 $11 {keeps the balance.}) 15. c5 $1 $16 {[%emt 0:12:49] [#] White is better.} Bf8 $146 {[%emt 0:24:21] [#]} ({Predecessor:} 15... Bf4 16. Bc4 Be6 17. Bxe6 fxe6 18. g3 Bh6 19. Qb3 Nf8 20. Bc1 Bxc1 21. Raxc1 Qc7 {1-0 (60) Papin,V (2476)-Sadhwani,R (2339) Moscow 2018}) 16. Bc4 $1 Qb4 17. Rxe8 {[%emt 0:08:47] White is more active.} Nxe8 (17... Qxc4 $16 {was called for.} 18. Nd2 Qb4) 18. Bb3 $40 {[%emt 0:10:46][%mdl 128] Strongly threatening a3. White has strong attack.} Nh8 $2 (18... Be7 $16 {is tougher.} 19. Bc1 Nh4) 19. a3 Qa5 {[%emt 0:00:06] [#]} 20. Ng5 $1 g6 21. Nce4 Qd8 22. d5 h6 {[%emt 0:01:22] [#]} (22... Bf5 $142 23. dxc6 (23. Qc3 Bg7 $18) 23... Qxg5) 23. Nxf7 $1 $18 Nxf7 {[%emt 0:00:24] [#]} 24. Nf6+ $1 {[%emt 0:02:41][%mdl 576] Decoy} Nxf6 25. Qxg6+ Bg7 26. d6 Kh8 27. Bxf7 {[%emt 0:00:12] White wants to mate with Re1.} Bd7 28. Re1 Qa5 29. Bxf6 {[%emt 0:01:49] White took control after the opening.  Weighted Error Value: White=0.14 (very precise) /Black=1.03} 1-0

[Event "Rudolf Teschner GT 2022"]
[Site "Berlin"]
[Date "2022.05.27"]
[Round "3.4"]
[White "Langrock, Hannes"]
[Black "Gressmann, Moritz"]
[Result "1/2-1/2"]
[ECO "D11"]
[WhiteElo "2351"]
[BlackElo "2094"]
[Annotator "TA"]
[PlyCount "87"]
[EventDate "2022.05.25"]
[EventType "swiss"]
[EventCountry "GER"]
[SourceTitle "playchess.com"]
[Source "ChessBase"]
[SourceQuality "1"]
[TimeControl "5400+30"]

1. d4 d5 2. Nf3 Nf6 3. g3 Bf5 4. Bg2 e6 5. c4 c6 6. Nc3 h6 7. Qb3 {[%emt 0:00:33] D11: Slav Defence: 3 Nf3 sidelines and 3...Nf6 4 e3 Bg4.} Qb6 8. c5 Qxb3 9. axb3 Be7 10. h3 {[%emt 0:06:07] seems to push 10.b4 aside.} O-O 11. g4 Bh7 12. Bf4 Nbd7 13. b4 a6 14. Nd2 Rfe8 15. Nb3 {[%emt 0:22:43] [#]} Bd8 $146 ({Predecessor:} 15... Bf8 16. Na5 e5 17. dxe5 Nxe5 18. Bxe5 Rxe5 19. Nxb7 Rb8 20. Na5 Re6 21. Na2 g5 {1-0 (48) Claramunt Bassegoda,M (2035)-Comellas Blanchart,J (2045) Barcelona 2022}) 16. b5 cxb5 {[%emt 0:07:14] [#]} 17. Nxb5 $1 {[%emt 0:01:49][%mdl 64] aiming for Nd6. Pin} e5 18. dxe5 Nxe5 {[%emt 0:00:28] White must now prevent ...Nd3+.} 19. O-O Nc4 20. Nc3 Be4 21. Nxe4 Nxe4 22. f3 (22. Rfd1 $11) 22... Ng5 23. e4 Ne6 {[%emt 0:04:49] Pair of Knights!} 24. Bc1 dxe4 {[%emt 0:01:33] Threatens to win with ...e3.} 25. Ra4 (25. f4 $142) 25... b5 $17 26. cxb6 Bxb6+ 27. Kh1 {[%emt 0:00:07] [#]} Rac8 {[%emt 0:06:26] Hoping for ...e3.} 28. fxe4 Ne3 (28... Red8 $17 {Strongly threatening ...Rd3.} 29. Rxa6 Rd3) 29. Bxe3 $15 Bxe3 30. Re1 Bg5 31. Nd4 Nxd4 32. Rxd4 Bf6 33. Rd2 Rb8 34. Ree2 Be5 35. Bf1 Rb4 36. Rf2 a5 37. Rd7 (37. Rc2 $15 {might be stronger.}) 37... f6 ({Much weaker is} 37... Rxb2 $6 38. Rxb2 Bxb2 39. Bc4 $11) 38. b3 a4 39. bxa4 {[%emt 0:00:28] The position is equal.} Rxa4 40. Bd3 Rd4 41. Rxd4 Bxd4 42. Rd2 Rd8 43. Bc4+ Kf8 44. Kg2 {[%emt 0:00:03] Weighted Error Value: White=0.12 (very precise) /Black=0.09 (flawless)} 1/2-1/2

[Event "Rudolf Teschner GT 2022"]
[Site "Berlin"]
[Date "2022.05.27"]
[Round "3.5"]
[White "Krefenstein, Sergej"]
[Black "Klenburg, Michael"]
[Result "0-1"]
[ECO "A26"]
[WhiteElo "2103"]
[BlackElo "2346"]
[Annotator "TA"]
[PlyCount "86"]
[EventDate "2022.05.25"]
[EventType "swiss"]
[EventCountry "GER"]
[SourceTitle "playchess.com"]
[Source "ChessBase"]
[SourceQuality "1"]
[TimeControl "5400+30"]

1. c4 e5 2. Nc3 d6 3. g3 g6 4. Bg2 Bg7 5. e4 Nc6 6. Nge2 Be6 7. d3 Qd7 8. Nd5 Nd8 9. O-O {[%emt 0:10:25] A26: English Opening vs King's Indian with ...Nc6 and d3.} c6 10. Ndc3 Bh3 11. d4 {[%emt 0:04:15] [#] White is slightly better.} h5 $146 ({Predecessor:} 11... Bxg2 12. Kxg2 exd4 13. Nxd4 Ne6 14. Be3 Ne7 15. f4 O-O-O 16. f5 gxf5 17. Nxf5 Be5 18. Bxa7 {1-0 (24) Froitzheim,R (1716)-Antonioli,V (1779) Nordrheinwestfalen 2016}) 12. dxe5 (12. Bxh3 {with more complications.} Qxh3 13. f3 exd4 14. Nxd4 Ne6 15. Be3) 12... dxe5 13. Qxd7+ Bxd7 14. f4 h4 15. f5 hxg3 16. Nxg3 Bf8 17. Be3 b6 18. Rad1 Be7 19. a3 Nb7 20. b4 {[%emt 0:04:15] [#] Against Na5} Nd6 $1 21. c5 Nc4 22. Bf2 bxc5 (22... Nf6 $17 {And now ...Ng4 would win.} 23. Bf3 Nxa3) 23. b5 {[%emt 0:04:07] This costs White the game.} ({Avoid the trap} 23. Bxc5 $2 Bxc5+ 24. bxc5 Ne3 25. fxg6 fxg6 $19) (23. Na4 $11 {and White has nothing to worry.}) 23... cxb5 $19 24. Nd5 Rc8 25. a4 (25. Rd3 $142) 25... Nb2 (25... bxa4 $2 26. Be1 $19) 26. Rb1 Nxa4 27. fxg6 fxg6 28. Be3 Rh7 29. Rfc1 Nf6 30. Nxe7 Rxe7 ({Not} 30... Kxe7 $2 31. Bg5 $19) 31. Nf1 a6 32. Bg5 Rf7 33. Ne3 Be6 34. Bh4 Nh5 {[%emt 0:01:42] Black is clearly winning.} 35. Nd5 Nf4 36. Nxf4 exf4 ({But not} 36... Rxf4 $2 37. Bg5 $19) 37. Rf1 c4 38. Bg5 c3 39. Bxf4 c2 40. Rbc1 b4 {[%emt 0:01:08][%cal Bb5b4,Bb4b3][%mdl 32] [#] aiming for ...b3.} 41. Be5 b3 42. Rxf7 Bxf7 43. Bf1 Nc3 {[%emt 0:01:44] Weighted Error Value: White=0.46/Black=0.11 (very precise)} 0-1

[Event "Rudolf Teschner GT 2022"]
[Site "Berlin"]
[Date "2022.05.27"]
[Round "3.6"]
[White "Roehr, Oliver"]
[Black "Strache, Michael"]
[Result "1/2-1/2"]
[ECO "C41"]
[WhiteElo "2072"]
[BlackElo "2302"]
[Annotator "TA"]
[PlyCount "121"]
[EventDate "2022.05.25"]
[EventType "swiss"]
[EventCountry "GER"]
[SourceTitle "playchess.com"]
[Source "ChessBase"]
[SourceQuality "1"]
[TimeControl "5400+30"]

1. e4 d6 2. d4 Nf6 3. Nc3 e5 4. Nf3 Nbd7 5. Rg1 exd4 (5... c6 $11) 6. Nxd4 $14 {[%emt 0:00:05] C41: Philidor Defence.} Nc5 7. Qe2 g6 {[%emt 0:06:56] [#]} 8. g4 $146 (8. f3 $1 $16) ({Predecessor:} 8. Bg5 h6 9. Bh4 Bg7 10. e5 O-O 11. O-O-O Re8 12. f4 g5 13. Bg3 Bg4 14. Nf3 {0-1 (29) Yuan,Q (2373)-Bortnyk,O (2604) Chess.com INT 2022}) 8... Bg7 9. g5 Nh5 10. Be3 O-O 11. O-O-O Ne6 12. Qd2 {[%emt 0:14:46] White is more active.} Nxd4 13. Bxd4 Be6 14. Bxg7 Nxg7 15. f4 f5 16. gxf6 Qxf6 17. Ne2 (17. f5 $1 $16 gxf5 18. exf5 Bxf5 19. Nd5) 17... Kh8 $11 18. Kb1 Rae8 19. Bg2 (19. Qa5 $5 ) 19... Bc4 {[%emt 0:03:30] Black wants to play ...Bxe2.} 20. Rdf1 (20. Rgf1 $11 {keeps the balance.}) 20... Qh4 21. f5 Bxe2 ({Inferior is} 21... Qxh2 22. Rf2 Bxe2 23. Rh1 $15) 22. Qxe2 {[%emt 0:01:01] [#]} Rxf5 23. Qc4 (23. Bf3 Rf4) 23... c6 ({Stronger than} 23... Rxf1+ 24. Rxf1 Ne6 25. Qc3+ Kg8 26. e5 Qxh2 27. exd6 Qxd6 28. Bxb7 $15) (23... Rf2 $17 24. Bh3 Rxf1+ 25. Qxf1 Qxe4) 24. Qd4 $15 Rxf1+ 25. Rxf1 Qe7 (25... Qxh2 $15 26. Rf7 Qe5) 26. b3 a6 27. Rd1 Qg5 (27... Rd8 $15) 28. Bh3 $1 $11 h5 29. Rg1 (29. Bd7 $5 Rd8 30. Qxd6 $11) 29... Qc5 30. Qxc5 dxc5 31. Rxg6 Rxe4 {[%emt 0:00:05][%mdl 4096] Endgame KRB-KRN} 32. Bc8 Re7 33. Rg5 Kh7 34. Rxc5 Rc7 35. Bh3 Kg6 36. Kb2 Kf6 37. Kc3 b6 38. Rc4 a5 39. Kd3 c5 (39... Ne6 $11) 40. a4 Ne6 {[%emt 0:01:30] [#]} 41. Bxe6 (41. Re4 $1 $16 Ng5 42. Rf4+ Kg7 43. Bf1) 41... Kxe6 $16 {[%emt 0:00:05] KR-KR} 42. Rh4 Rh7 $1 43. Kc4 {[%emt 0:00:27] And now Kb5 would win.} Ke5 {[%emt 0:00:29] The position is equal.} 44. Kb5 Rh6 45. c3 Kf5 $1 46. b4 cxb4 47. cxb4 axb4 48. Rxb4 {[%emt 0:00:09] aiming for Ka6.} Re6 49. Ka6 {[%emt 0:01:20] Threatens to win with Kb7.} (49. h4 $5 ) 49... Re2 50. h3 Re3 $1 51. Rb5+ (51. h4 $5 ) 51... Kg6 $1 52. Rxb6+ Kg5 53. a5 Rxh3 54. Kb7 Ra3 55. a6 Kg4 56. a7 Rxa7+ 57. Kxa7 h4 58. Rg6+ Kf3 59. Kb6 h3 60. Kc5 h2 61. Rh6 {[%emt 0:00:55] Weighted Error Value: White=0.15 (very precise) /Black=0.12 (very precise)} 1/2-1/2

[Event "Rudolf Teschner GT 2022"]
[Site "Berlin"]
[Date "2022.05.27"]
[Round "4.1"]
[White "Van den Doel, Erik"]
[Black "Ermitsch, Magnus"]
[Result "1-0"]
[ECO "D02"]
[WhiteElo "2581"]
[BlackElo "2222"]
[Annotator "TA"]
[PlyCount "83"]
[EventDate "2022.05.25"]
[EventType "swiss"]
[EventCountry "GER"]
[SourceTitle "playchess.com"]
[Source "ChessBase"]
[SourceQuality "1"]
[TimeControl "5400+30"]

1. d4 Nf6 2. Nf3 d5 3. Bf4 c5 4. e3 Nc6 5. Nbd2 Qb6 6. dxc5 {[%emt 0:00:05] D02: 1 d4 d5 2 Nf3 sidelines, including 2...Nf6 3 g3 and 2...Nf6 3 Bf4.} Qxb2 7. Rb1 Qc3 8. Bb5 {[%emt 0:05:13] The position is equal.} g6 {[%emt 0:00:17] is recently more successful than 8...e6.} 9. O-O {[%emt 0:01:20] [#] Strongly threatening Be5.} Bg7 $1 10. Ne5 Bd7 {[%emt 0:17:23] [#]} 11. Rb3 $146 ({Predecessor:} 11. Nxd7 Nxd7 12. Nb3 a6 13. Ba4 Qc4 14. Bxc6 bxc6 15. Qd3 Qa4 16. Bc7 O-O 17. Rfd1 {0-1 (40) Krzyzanowski,M (2503)-Deac,B (2625) Chess.com INT 2021}) 11... Qxc5 {[%emt 0:08:38] White must now prevent ...Nxe5.} 12. Nxd7 Nxd7 13. c4 Nb6 14. cxd5 Qxd5 15. Nc4 O-O 16. Nxb6 Qxd1 17. Rxd1 axb6 18. a4 e5 19. Bg3 Nd8 20. Bd7 Ra6 21. Rdb1 f5 (21... Ne6 $14) 22. f3 $16 Bf6 23. Rxb6 Rf7 24. Rxa6 {[%emt 0:02:07] White is more active.} ({Much weaker is} 24. Be8 $6 Re7 25. Rxf6 (25. Rxa6 $2 bxa6 26. Rb6 Kg7 $19) 25... Rxf6 $11) 24... bxa6 25. Bc8 a5 26. Rc1 {[%emt 0:00:46] Inhibits Rc7.} Bg5 27. Bf2 Ra7 (27... Kf8 $142) 28. f4 Bf6 (28... exf4 $2 29. exf4 Bxf4 30. Rd1 $18) 29. fxe5 Bxe5 30. e4 $1 Rf7 (30... Ra8 $142) 31. exf5 gxf5 32. Rc5 Re7 (32... Bd6 {keeps fighting.} 33. Rc4 (33. Rxf5 Rc7 $16) 33... Bc7) 33. Bxf5 {[%emt 0:02:22] Threatens to win with Rc8.} Nb7 34. Rd5 {[%emt 0:00:08] Bh4 is the strong threat.} Bd6 35. Bd3 Rc7 36. g4 Kf8 37. Kg2 Ke7 (37... Kg8 {was necessary.} 38. h3 Be7) 38. Bxh7 $18 {[%emt 0:00:53] White is clearly winning.} Nc5 {[%emt 0:00:36] [#]} (38... Bc5 $142 39. Bh4+ Kf8) 39. Bf5 (39. Rxd6 $142 $1 Kxd6 40. Bg3+ Kd7 41. Bf5+ Kd8 42. Bxc7+ Kxc7 43. h4) 39... Nxa4 (39... Rc6 $142 40. Be3 Nxa4 41. Rxa5 Nb2 42. Bg5+ Kf7) 40. Bh4+ {[%emt 0:00:15] This bishop pair is nice.} Kf7 41. Rxd6 {[%emt 0:00:05] White threatens g5 and mate.} Nc3 42. Bg6+ {[%emt 0:00:58] Weighted Error Value: White=0.20 (precise) /Black=0.28 (precise)} 1-0